Map: Simulacrum LE

Players

PtitDrogo

  • Race: Protoss Protoss
  • League: Grandmaster
  • Spawn Location: 5:00

Cure - Winner!

  • Race: Terran Terran
  • League: Master
  • Spawn Location: 11:00

VOD

Have the link to the VOD?

Description

Time

  • Played on: Jan. 14, 2020, 12:33 p.m.
  • Length: 14:27
Show
View Real Time Build Order
Export as new Build Order

PtitDrogo Protoss 

Build Orders: 1 Gate Expand, Zealot Archon 

Get SALT Encoding   

  12  0:00  Probe  
  13  0:12  Probe  
  14  0:18  Pylon  
  14  0:24  Probe  
  15  0:36  Gateway  
  15  0:37  Probe (Chrono Boost)  
  16  0:46  Probe (Chrono Boost)  
  16  0:47  Assimilator  
  17  0:51  Probe (Chrono Boost)  
  18  1:03  Probe  
  19  1:15  Probe  
  20  1:22  Nexus  
  20  1:32  Cybernetics Core  
  20  1:36  Probe  
  21  1:41  Assimilator  
  21  1:48  Probe  
  21  1:51  Pylon  
  22  2:00  Probe  
  23  2:06  Stalker (Chrono Boost)  
  23  2:08  Warp Gate  
  23  2:12  Probe  
  26  2:22  Robotics Facility  
  26  2:24  Probe  
  27  2:33  Stalker  
  27  2:35  Probe (Chrono Boost)  
  27  2:36  Probe (Chrono Boost)  
  32  2:45  Probe x2 (Chrono Boost)  
  32  2:50  Probe x2 (Chrono Boost)  
  35  3:01  Probe  
  35  3:03  Probe, Sentry  
  39  3:11  Gateway, Observer (Chrono Boost)  
  40  3:13  Gateway  
  40  3:14  Probe  
  40  3:15  Probe  
  40  3:18  Pylon  
  42  3:25  Observer (Chrono Boost)  
  42  3:26  Probe  
  45  3:27  Probe  
  45  3:32  Assimilator  
  45  3:33  Assimilator  
  45  3:38  Probe (Chrono Boost)  
  47  3:43  Probe (Chrono Boost)  
  47  3:47  Observer  
  49  3:50  Probe (Chrono Boost)  
  49  3:51  Pylon  
  49  3:53  Probe (Chrono Boost)  
  49  3:54  Probe (Chrono Boost)  
  50  4:02  Nexus  
  51  4:04  Probe  
  51  4:05  Pylon  
  51  4:09  Observer  
  53  4:14  Probe  
  53  4:16  Probe, Stalker x2  
  59  4:29  Twilight Council  
  59  4:30  Observer  
  60  4:32  Forge  
  60  4:37  Pylon  
  60  4:41  Stalker x2  
  64  4:48  Probe  
  64  4:50  Probe (Chrono Boost)  
  66  5:00  Probe (Chrono Boost), Observer  
  66  5:01  Protoss Ground Armor Level 1 (Chrono Boost)  
  66  5:02  Probe (Chrono Boost), Observer  
  68  5:09  Probe (Chrono Boost), Charge, Observer  
  68  5:10  Probe (Chrono Boost)  
  70  5:16  Templar Archives  
  70  5:17  Probe (Chrono Boost)  
  70  5:19  Probe (Chrono Boost)  
  73  5:21  Probe (Chrono Boost)  
  74  5:29  Probe (Chrono Boost)  
  74  5:30  Probe (Chrono Boost)  
  74  5:32  Probe (Chrono Boost)  
  74  5:33  Pylon  
  76  5:36  Gateway  
  76  5:39  Probe  
  76  5:40  Gateway  
  77  5:43  Probe x2  
  77  5:45  Gateway  
  77  5:46  Gateway  
  79  5:50  Warp Prism  
  79  5:52  Probe  
  79  5:56  Gateway  
  82  5:59  Gateway  
  82  6:11  Probe  
  82  6:12  Gateway  
  82  6:14  Probe  
  82  6:15  Assimilator x2  
  82  6:16  Probe  
  84  6:22  High Templar x3  
  84  6:23  Probe  
  84  6:25  Pylon  
  91  6:26  Probe  
  91  6:28  Pylon x2  
  92  6:34  Archon  
  92  6:35  High Templar x2  
  92  6:37  Probe x2  
  98  6:40  Protoss Ground Weapons Level 1 (Chrono Boost), Archon  
  98  6:42  High Templar  
  98  6:43  Zealot  
  98  6:46  Pylon, Archon  
  102  7:01  Zealot x5  
  102  7:05  Zealot x2  
  116  7:10  Zealot x2  
  116  7:15  Zealot  
  108  7:25  High Templar x2  
  108  7:26  High Templar x2, Zealot x3  
  114  7:30  Archon x2  
  114  7:33  Zealot x2  
  114  7:35  Probe x2  
  108  7:45  Probe  
  108  7:46  Zealot x4  
  108  7:47  Immortal (Chrono Boost)  
  107  7:53  Zealot x2  
  107  7:58  Zealot  
  103  7:59  Zealot x2  
  103  8:00  Probe, Zealot  
  94  8:14  High Templar x4, Zealot x2  
  94  8:18  Archon x2  
  106  8:20  Zealot x4  
  106  8:22  Warp Prism (Chrono Boost)  
  116  8:39  Zealot x2  
  116  8:40  Zealot x4  
  129  8:41  Probe  
  129  8:46  Zealot x4  
  129  8:47  Protoss Ground Weapons Level 2 (Chrono Boost), Probe, Observer  
  124  8:51  Immortal  
  124  8:55  Probe  
  103  8:57  Stalker x4  
  101  9:08  Nexus  
  101  9:09  Sentry  
  98  9:10  High Templar x3, Pylon  
  98  9:11  Zealot x2  
  98  9:13  Blink (Chrono Boost)  
  108  9:17  Archon  
  108  9:19  Observer  
  108  9:23  Zealot x4  
  116  9:30  Shield Battery  
  116  9:34  High Templar  
  116  9:35  Zealot x2  
  122  9:40  Immortal (Chrono Boost)  
  122  9:44  Archon  
  125  9:52  Probe x2  
  127  9:53  Assimilator  
  127  9:54  Assimilator, Zealot x4  
  127  9:55  Zealot, Stalker x2  
  141  10:09  Pylon  
  141  10:10  Pylon  
  141  10:14  Pylon  
  141  10:19  Robotics Bay  
  141  10:20  Immortal, Observer  
  145  10:21  Pylon, Observer, Robotics Facility  
  142  10:29  Stalker x2  
  142  10:30  Zealot x2  
  142  10:32  Zealot x2  
  154  10:37  Probe  
  151  10:44  Zealot x4  
  158  10:57  High Templar x5  
  158  10:58  Zealot  
  158  10:59  Probe x2  
  158  11:03  Archon x2  
  172  11:14  Colossus (Chrono Boost)  
  170  11:20  Pylon  
  170  11:21  Pylon, Colossus (Chrono Boost)  
  168  11:30  Zealot x4  
  168  11:32  Zealot  
  172  11:38  Extended Thermal Lance  
  164  11:42  Protoss Ground Armor Level 2 (Chrono Boost)  
  164  11:46  Zealot, Stalker x2  
  164  11:47  Zealot x2  
  164  11:57  High Templar, Colossus (Chrono Boost)  
  164  11:58  Forge  
  164  12:00  Observer  
  172  12:01  Colossus (Chrono Boost)  
  172  12:02  Archon  
  178  12:11  Pylon  
  178  12:15  Psionic Storm  
  178  12:19  Pylon  
  178  12:23  Zealot x3  
  178  12:24  Pylon, Zealot x2  
  186  12:34  High Templar x3  
  182  12:40  High Templar  
  182  13:02  High Templar x2, Zealot x3  
  182  13:03  Zealot  
  194  13:05  Nexus  
  194  13:06  Pylon  
  194  13:07  Archon  
  192  13:13  Zealot x2  
  196  13:22  High Templar  
  196  13:24  High Templar x2  
  200  13:30  Observer  
  200  13:51  Pylon  
  178  14:17  Archon x3  
  154  14:19  Zealot x2, Stalker x4  
  154  14:20  Zealot x3  
Show
View Real Time Build Order
Export as new Build Order

Cure Terran - Winner!

Build Orders: Reaper Expand 

Get SALT Encoding   

  12  0:00  SCV  
  13  0:13  SCV  
  14  0:17  Supply Depot  
  14  0:25  SCV  
  15  0:38  SCV  
  15  0:40  Barracks  
  16  0:43  Refinery  
  16  0:50  SCV  
  17  1:02  SCV  
  18  1:15  SCV  
  19  1:27  Orbital Command, Reaper  
  20  1:43  Command Center  
  20  1:49  Supply Depot  
  20  1:53  SCV  
  21  1:59  Marine  
  22  2:05  SCV  
  23  2:09  Factory  
  23  2:16  Refinery  
  23  2:17  SCV  
  23  2:21  Barracks Reactor  
  24  2:29  SCV  
  25  2:42  SCV  
  26  2:54  SCV, Starport  
  26  2:55  Widow Mine  
  26  2:56  Orbital Command  
  26  2:58  Bunker  
  29  2:59  Marine  
  30  3:06  SCV  
  31  3:15  Marine  
  31  3:17  Marine, Widow Mine  
  31  3:18  SCV  
  36  3:23  SCV  
  36  3:24  Supply Depot  
  37  3:32  SCV  
  37  3:33  Marine  
  39  3:34  Marine, Medivac  
  39  3:35  SCV  
  39  3:39  Widow Mine  
  45  3:46  Supply Depot  
  45  3:47  SCV x2  
  47  3:51  Marine  
  47  3:52  Marine  
  49  4:00  SCV x2  
  49  4:01  Factory Tech Lab  
  50  4:05  Starport Tech Lab  
  50  4:11  Marine, Supply Depot  
  50  4:12  Marine, SCV x2  
  54  4:23  Siege Tank  
  57  4:24  SCV x2  
  57  4:29  Marine x2  
  61  4:32  Raven  
  61  4:34  Supply Depot  
  61  4:36  SCV x2  
  65  4:40  Command Center  
  65  4:48  SCV x2  
  65  4:51  Marine x2  
  63  4:56  Refinery  
  63  4:57  Refinery  
  63  4:59  Siege Tank  
  66  5:00  SCV x2  
  66  5:05  Barracks  
  68  5:12  SCV x2  
  68  5:16  Barracks  
  68  5:23  Marine, Engineering Bay  
  68  5:24  SCV, Stimpack, Engineering Bay  
  68  5:25  SCV  
  68  5:28  Starport Reactor  
  71  5:34  Siege Tank  
  74  5:36  SCV  
  74  5:37  SCV  
  74  5:41  Marine  
  77  5:49  Terran Infantry Weapons Level 1  
  77  5:50  Barracks  
  77  5:51  Terran Infantry Armor Level 1  
  77  5:53  Barracks  
  77  5:54  Orbital Command  
  77  5:58  SCV x2  
  77  5:59  Marine  
  80  6:10  SCV x2  
  82  6:14  Marine x2, Marauder  
  82  6:17  Marauder  
  88  6:22  Factory Tech Lab  
  88  6:24  SCV x2  
  88  6:25  Supply Depot, Medivac  
  90  6:26  Combat Shield  
  90  6:28  Supply Depot  
  92  6:36  SCV, Missile Turret  
  92  6:37  Missile Turret  
  92  6:38  Supply Depot  
  93  6:40  Missile Turret  
  93  6:42  Barracks Reactor, Orbital Command, Barracks Tech Lab  
  93  6:46  Marine, SCV, Medivac, Marauder x2  
  101  6:51  SCV  
  102  6:57  Siege Tank  
  102  6:58  SCV  
  106  7:03  SCV  
  106  7:04  Marine, Marauder  
  106  7:08  Marauder x2  
  114  7:10  SCV  
  114  7:12  SCV  
  114  7:15  SCV  
  114  7:20  Marine x2  
  117  7:25  Supply Depot  
  117  7:26  SCV, Marine x2, Supply Depot, Medivac  
  117  7:27  Marauder  
  117  7:29  Marauder  
  122  7:31  SCV x2  
  124  7:38  SCV  
  124  7:42  Marine x3  
  116  7:44  SCV, Marine x2  
  116  7:47  Medivac  
  116  7:48  Marauder  
  116  7:51  Marauder  
  117  7:58  Medivac  
  114  8:01  SCV x2  
  114  8:02  SCV  
  111  8:09  Concussive Shells, Barracks Tech Lab  
  111  8:13  SCV  
  111  8:14  SCV x2  
  111  8:19  Refinery x2  
  114  8:25  Marine x2, SCV, Marauder x2  
  114  8:26  SCV x2, Marine x2  
  125  8:29  Marauder  
  127  8:38  SCV x3, Supply Depot x2  
  127  8:41  Supply Depot  
  109  8:50  SCV x3  
  109  8:55  Marine x4, Marauder  
  96  8:56  Marauder x2  
  96  9:02  SCV x3, Medivac x2  
  99  9:09  Factory Reactor  
  101  9:14  SCV x3, Armory  
  104  9:17  Marine x4  
  104  9:23  Marauder x3  
  104  9:24  Command Center  
  114  9:26  SCV x3  
  114  9:31  Missile Turret  
  117  9:38  SCV x3  
  118  9:41  Missile Turret  
  118  9:44  Missile Turret  
  118  9:45  Marine x2, Marauder x2  
  128  9:46  Marauder  
  128  9:47  Marine  
  128  9:50  Marine, SCV  
  128  9:51  Widow Mine x2  
  135  9:55  SCV x2  
  137  10:02  SCV  
  137  10:03  Supply Depot  
  138  10:09  Medivac x2, Terran Infantry Armor Level 2  
  138  10:12  Widow Mine  
  138  10:13  Widow Mine  
  146  10:15  Terran Infantry Weapons Level 2  
  146  10:22  Marauder x3  
  152  10:29  Marine  
  152  10:37  Widow Mine  
  152  10:38  Widow Mine  
  152  10:39  Medivac x2  
  158  10:43  Marauder x3  
  158  10:44  SCV x3  
  158  10:47  Ghost Academy  
  167  10:56  SCV x3  
  170  11:06  Starport, Marauder x3  
  170  11:07  Marine x4  
  176  11:13  SCV x3  
  176  11:16  Viking  
  177  11:25  Marine  
  167  11:29  Ghost x2  
  167  11:30  Ghost  
  172  11:38  SCV  
  172  11:39  SCV x2  
  165  11:49  Marine x4  
  165  11:55  Planetary Fortress  
  165  11:58  Barracks  
  165  12:00  Supply Depot, Barracks x2  
  165  12:01  Supply Depot  
  165  12:05  Ghost  
  165  12:06  Ghost  
  165  12:08  Ghost  
  171  12:16  Viking x2  
  171  12:20  Viking  
  177  12:28  Marine x4  
  179  12:30  Viking  
  179  12:33  Ghost  
  179  12:34  Refinery  
  179  12:35  Refinery  
  181  12:42  SCV x2, Missile Turret  
  181  12:43  SCV x2  
  185  12:46  Viking  
  185  12:49  Viking  
  185  12:50  Viking  
  191  13:00  Viking  
  191  13:05  Marine, Ghost  
  195  13:07  Command Center  
  195  13:10  Marine  
  196  13:38  Barracks Tech Lab x2  
  196  13:39  Barracks Tech Lab  
  196  13:58  Marine  
  196  14:03  Marine x2  
Tags
 
Add a new tag
Caveats
  • Supply blocks, unpowered buildings, or Contaminate may cause inaccurate times.
  • Supply counts are checked every 10 seconds.